 Dungeon Crawl Stone Soup version 0.27-a0-1312-g5cdb2b3542 (webtiles) character file.

Game seed: 5441592015904219865

7 spiderkeys the Skirmisher (level 2, -12/29 HPs)
             Began as a Gnoll Abyssal Knight on June 20, 2021.
             Was a Follower of Lugonu.
             Mangled by a small abomination (20 damage)
             ... on level 1 of the Abyss.
             The game lasted 00:00:43 (170 turns).

spiderkeys the Skirmisher (Gnoll Abyssal Knight)     Turns: 170, Time: 00:00:43

Health: -12/29     AC:  3    Str: 11    XL:     2   Next: 4%
Magic:  5/5        EV: 11    Int: 11    God:    Lugonu [*.....]
Gold:   24         SH:  0    Dex: 11    Spells: 1/1 levels left

rFire    . . .     SeeInvis .   a - +1 spear
rCold    . . .     Faith    .   (no shield)
rNeg     . . .     Spirit   .   b - +0 leather armour
rPois    .         Reflect  .   (no helmet)
rElec    .         Harm     .   (no cloak)
rCorr    .         Rampage  .   (no gloves)
Will     .....                  (no boots)
Stlth    +.........             (no amulet)
HPRegen  0.09/turn              (no ring)
MPRegen  0.09/turn              (no ring)

@: no status effects
A: fangs 1, strong nose, distributed training
a: Renounce Religion, Depart the Abyss


You were on level 1 of the Abyss.
You worshipped Lugonu.
Lugonu was aware of your devotion.
You visited 0 branches of the dungeon, and saw 0 of its levels.
You visited the Abyss 1 time.

You collected 24 gold pieces.


Innate Abilities, Weirdness & Mutations

You have very sharp teeth.
Your uncanny sense of smell can sniff out nearby items.
Your experience applies equally to all skills.


   Skills:
 + Level 6.4 Fighting
 + Level 0.2 Short Blades
 + Level 0.2 Long Blades
 + Level 0.2 Axes
 + Level 0.2 Maces & Flails
 + Level 4.4 Polearms
 + Level 0.2 Staves
 + Level 0.2 Slings
 + Level 0.2 Bows
 + Level 0.2 Crossbows
 + Level 0.2 Throwing
 + Level 4.4 Armour
 + Level 2.4 Dodging
 + Level 0.2 Stealth
 + Level 0.2 Shields
 + Level 0.2 Unarmed Combat
 + Level 0.2 Spellcasting
 + Level 0.1 Conjurations
 + Level 0.1 Hexes
 + Level 0.1 Summonings
 + Level 0.1 Necromancy
 + Level 0.1 Translocations
 + Level 0.1 Transmutations
 + Level 0.1 Fire Magic
 + Level 0.1 Ice Magic
 + Level 0.1 Air Magic
 + Level 0.1 Earth Magic
 + Level 0.1 Poison Magic
 + Level 4.4 Invocations
 + Level 0.2 Evocations


You had one spell level left.
You didn't know any spells.
Your spell library was empty.

Inventory:

Hand Weapons
 a - a +1 spear (weapon)
Missiles
 d - 13 poisoned darts
Armour
 b - a +0 leather armour (worn)
Potions
 c - a potion of brilliance {unknown}
 e - a potion of resistance {unknown}

Dungeon Overview and Level Annotations

Branches:
Dungeon (0/15)

Altars:

.. .. #...#...# .....
#.#.....# ... ....# #
..##.# ... ..... #....#
.... ...... #x..#. .
..... ..#...#.#. .##..#
#..... . .....##.##...
##.... .
........#########..#...#
..... ....##.##x@x......
.#....................#.
... ............#.......
#.......................
.......................
.#.#....................
..............#...#....
....................#.
≈≈.................


You could see 2 small abominations.


Message History

🤖 Initializing magus.rc ...
Options error: Delay interrupt name "hungry" not recognised. (~/.crawlrc:4988) ✅ Successfully initialized magus.rc [v1.9.10] Welcome, spiderkeys the Gnoll Abyssal Knight.
Will you prevail where others failed? Will you find the Orb of Zot?
Lugonu says: Depart the Abyss and spread corruption, my servant! (use the ability menu to exit the Abyss) Press ? for a list of commands and other information.
Found a corrupted altar of Lugonu.
You are suddenly pulled into a different region of the Abyss!
c - a fuming green potion
d - 13 poisoned darts
Found a gateway leading out of the Abyss.
e - a coppery potion You now have 11 gold pieces.
You now have 24 gold pieces (gained 13).
The white imp shouts, "Begone, thou horrid hedge-born snaffler!"
The white imp picks up a beetle and eats it.
The white imp gestures at you. The puff of frost hits you. 😮 HP[-6]
You take 6 damage, and now have 17/23 hp.
MASSIVE DAMAGE!! (PAUSE)
The white imp closely misses you.
You hit the white imp. The white imp gestures at you.
The puff of frost hits you.
* * * LOW HITPOINT WARNING * * *
😨 HP[-6]
You take 6 damage, and now have 11/23 hp.
MASSIVE DAMAGE!! (PAUSE)
You hit the white imp.
The white imp hits you but does no damage. 😮 HP[+1]
You hit the white imp. The white imp gestures at you.
The puff of frost misses you.
You hit the white imp but do no damage. The white imp gestures at you.
The puff of frost hits you!
* * * LOW HITPOINT WARNING * * *
😱 HP[-7]
You take 7 damage, and now have 5/23 hp.
MASSIVE DAMAGE!! (PAUSE)
You hit the white imp but do no damage.
The white imp hits you but does no damage.
You hit the white imp.
You kill the white imp!
You have reached level 2! 😱 HP[+1] MP[+2]
You now have 29 max hp (+6).
Your mp is fully restored (5).
A small abomination comes into view. 😱 HP[+1] 😨 HP[+1]
A small abomination comes into view.
The small abomination barely misses you.
The small abomination hits you!!
Ouch! That really hurt!
You die...

Action                   || total
-------------------------++-------
Melee: Spear             ||     6
Armor: Leather armour    ||     2
Dodge: Dodged            ||     3

Levels and vault maps discovered:
Abyss:1:  base: Temple, base: Temple, hangedman_abyss_theft

Notes
Turn   | Place    | Note
-------+----------+-------------------------------------------
     0 | Abyss:1  | spiderkeys the Gnoll Abyssal Knight began the quest for the
                  | Orb.
     0 | Abyss:1  | Reached XP level 1. HP: 23/23 MP: 3/3
     0 | Abyss:1  | magus.rc [v1.9.10]
   144 | Abyss:1  | HP: 5/23 [white imp/puff of frost (7)]
   147 | Abyss:1  | Reached XP level 2. HP: 6/29 MP: 5/5
   151 | Abyss:1  | Noticed a small abomination
   167 | Abyss:1  | Noticed a small abomination
   170 | Abyss:1  | Mangled by a small abomination

Vanquished Creatures
  A white imp (Abyss:1)
1 creature vanquished.

Table legend:
 A = Non-vault XP
 B = Vault XP
 C = Vault XP percentage of total XP
 D = Non-vault monster count
 E = Vault monster count
 F = Vault count percentage of total count
                 A         B        C        D         E       F
            +---------+---------+-------+---------+---------+-------
      Total |      11 |       0 |   0.0 |       1 |       0 |   0.0
            +---------+---------+-------+---------+---------+-------
    Abyss:1 |      11 |       0 |   0.0 |       1 |       0 |   0.0
            +---------+---------+-------+---------+---------+-------

Illustrated notes

Table legend:
 A = Kills in this place as a percentage of kills in entire the game.
 B = Kills by you in this place as a percentage of kills by you in the entire game.
 C = Kills by friends in this place as a percentage of kills by friends in the entire game.
 D = Other kills in this place as a percentage of other kills in the entire game.
 E = Experience gained in this place as a percentage of experience gained in the entire game.
 F = Experience gained in this place divided by the number of levels of this place that you have seen.
                   A       B       C       D       E      F
               +-------+-------+-------+-------+-------+----------------------
         Total | 100.0 | 100.0 |   N/A |   N/A | 100.0 |  11.0
         Abyss | 100.0 | 100.0 |   N/A |   N/A | 100.0 |  11.0
               +-------+-------+-------+-------+-------+----------------------

Table legend: (Time is in decaauts)
 A = Elapsed time spent in this place.
 B = Non-inter-level travel time spent in this place.
 C = Inter-level travel time spent in this place.
 D = Time resting spent in this place.
 E = Time spent auto-exploring this place.
 F = Levels seen in this place.
 G = Mean time per level.
                   A        B        C        D        E       F      G
               +--------+--------+--------+--------+--------+-----+--------+
         Total |    169 |    169 |      0 |      0 |      0 |   1 |  169.0 |
         Abyss |    169 |    169 |      0 |      0 |      0 |   1 |  169.0 |
               +--------+--------+--------+--------+--------+-----+--------+

Top non-repeatable levels by time:
 Abyss:1: 169 daAuts
